 Dungeon Crawl Stone Soup version 0.24-a0-639-gb70a11d (webtiles) character file.

Game seed: 15265516178429467262, levelgen mode: deterministic

121 riellis the Chopper (level 4, 0/36 HPs)
             Began as a Demigod Skald on Sept 23, 2019.
             Slain by an iguana (8 damage)
             ... on level 3 of the Dungeon.
             The game lasted 00:09:12 (2682 turns).

riellis the Chopper (Demigod Skald)                 Turns: 2682, Time: 00:09:13

Health: 0/36       AC: 11    Str: 16    XL:     4   Next: 48%
Magic:  9/9        EV:  7    Int: 17    God:
Gold:   139        SH:  0    Dex: 15    Spells: 4/7 levels left

rFire    . . .     SeeInvis .   a - +0 hand axe
rCold    . . .     Gourm    .   (no shield)
rNeg     . . .     Faith    .   C - +0 chain mail
rPois    .         Spirit   .   (no helmet)
rElec    .         Reflect  .   q - +0 cloak
rCorr    .         Harm     .   c - +0 pair of gloves
MR       .....                  v - +0 pair of boots
Stlth    ..........             (no amulet)
HPRegen  0.12/turn              A - ring of flight
MPRegen  0.11/turn              (no ring)

@: no status effects
A: high mp 1
a: Evoke Flight


You were on level 3 of the Dungeon.
You were not hungry.

You visited 1 branch of the dungeon, and saw 4 of its levels.

You collected 139 gold pieces.

Inventory:

Hand Weapons
 a - a +0 hand axe (weapon)
 b - a +0 hunting sling
 w - a +0 spear of freezing
Missiles
 n - 32 sling bullets
 t - 90 stones (quivered)
 F - 28 bolts
Armour
 c - a +0 pair of gloves (worn)
 h - a +0 scale mail
 q - a +0 cloak (worn)
 s - a +0 leather armour
 v - a +0 pair of boots (worn)
 C - a +0 chain mail (worn)
Jewellery
 A - a ring of flight (left hand)
Scrolls
 e - a scroll of magic mapping {unknown}
 g - a scroll of immolation
 j - a scroll of enchant weapon {unknown}
 k - a scroll of remove curse {unknown}
 m - a scroll of identify
 o - a scroll of noise {unknown}
 r - a scroll of amnesia {unknown}
 y - a scroll of random uselessness {unknown}
 B - a scroll of enchant armour {unknown}
 D - 2 scrolls of teleportation {unknown}
Potions
 i - a potion of magic {unknown}
 l - a potion of degeneration {unknown}
 p - a potion of brilliance {unknown}
 u - 2 potions of ambrosia
 x - 2 potions of flight {unknown}
 z - a potion of might {unknown}
 E - a potion of curing {unknown}
Comestibles
 d - 7 rations


   Skills:
 - Level 2.0 Fighting
 + Level 4.2 Axes
 - Level 1.0 Armour
 - Level 2.0 Dodging
 - Level 2.0 Spellcasting
 - Level 2.6 Charms


You had 4 spell levels left.
You knew the following spells:

 Your Spells              Type           Power        Failure   Level  Hunger
a - Infusion              Chrm           ##..         77%         1    #......
b - Song of Slaying       Chrm           ##......     88%         2    ###....

Your spell library contained the following spells:

 Spells                   Type           Power        Failure   Level  Hunger
 Shroud of Golubria       Chrm/Tloc      #.....       97%         2    ###....
 Regeneration             Chrm/Necr      #.........   100%        3    ###....
 Spectral Weapon          Hex/Chrm       #.......     100%        3    ###....


Dungeon Overview and Level Annotations

Branches:
Dungeon (4/15)
 Temple: D:4-7


Innate Abilities, Weirdness & Mutations

You have an increased reservoir of magic. (+10% MP)


Message History

You hit the iguana.
The iguana is heavily wounded.
The iguana bites you!
Your chain mail prevents you from hitting the iguana.
The iguana is heavily wounded.
The iguana barely misses you.
You hit the iguana.
The iguana is severely wounded.
The iguana bites you but does no damage.
You hit the iguana but do no damage.
The iguana is severely wounded.
The iguana bites you!
* * * LOW HITPOINT WARNING * * *
Press: ? - help, v - describe, . - travel
Here: a worm The floor.
You hit the iguana but do no damage.
The iguana is severely wounded.
The iguana bites you!
You die...

≈≈≈≈≈≈≈P≈≈......#.# ########...
≈≈≈≈≈≈≈≈♣≈..###.#.# #.....).)..
≈≈≈≈≈≈≈≈♣≈..# #...# #.######...
≈≈≈≈≈P≈≈♣P..####..#####.# #...
≈≈≈≈≈≈≈≈≈...............# #...
♣≈≈≈≈P≈♣♣...#####.############...
≈≈≈≈≈≈≈≈♣###....w>..............#
PP≈≈≈≈≈≈♣ #.###l###...##########
≈♣P≈♣≈≈P# #.# #@# #..)#
P≈P≈≈≈≈#####.# #.###...#######
≈≈♣≈≈♣♣......# #.............####
♣P≈≈≈♣......########...#####.#...
♣♣≈≈♣.........# #.........##.#...
.≈≈P........#.# #.##...##.##.#...
...#........#.# #.##...##.##.#...
...#........#.# #.##...##.##.#...
...#........#.# #.##...##.##.#...


You could see a worm and an iguana.

Vanquished Creatures
  4 adders (D:3)
  An ooze (D:2)
  A worm (D:3)
  A dart slug (D:1)
  2 leopard geckos (D:1)
  5 orcs (D:3)
  6 giant cockroaches
  13 goblins
  8 hobgoblins
  2 jackals (D:3)
  9 bats
  3 frilled lizards
  2 kobolds (D:1)
  8 rats
65 creatures vanquished.

Notes
Turn   | Place    | Note
-------+----------+-------------------------------------------
     0 | D:1      | riellis the Demigod Skald began the quest for the Orb.
     0 | D:1      | Reached XP level 1. HP: 17/17 MP: 5/5
    36 | D:1      | Reached skill level 2 in Axes
   285 | D:1      | Reached XP level 2. HP: 24/24 MP: 7/7
   366 | D:1      | Learned a level 2 spell: Song of Slaying
   637 | D:1      | Reached skill level 1 in Armour
  1130 | D:2      | Reached XP level 3. HP: 29/29 MP: 8/8
  1221 | D:2      | Reached skill level 3 in Axes
  1860 | D:3      | Found a radiant altar of Vehumet.
  1891 | D:3      | Reached XP level 4. HP: 36/36 MP: 9/9
  1948 | D:3      | Reached skill level 4 in Axes
  2627 | D:4      | Noticed an ogre
  2682 | D:3      | Slain by an iguana

Levels and vault maps discovered:
D:1:      dpeg_arrival_long_road, layout_loops_ring, skrybe_limestone_x,
          minmay_misc_feat_tower
D:2:      layout_loops_ring, first_ration
D:3:      layout_basic, lemuel_crystal_altar, serial_bayou_lake_a
D:4:      layout_cave_pools, tgw_sif, uniq_natasha

Skill      XL: |  1  2  3  4 |
---------------+-------------+-----
Axes           | 2 3 4 |  4.2
Fighting       | 2 |  2.0
Spellcasting   | 2 |  2.0
Armour         | 1 |  1.0
Dodging        | 2 |  2.0
Charms         | |  2.6

Action                   |  1- 3 |  4- 6 || total
-------------------------+-------+-------++-------
Melee: Hand axe          |   129 |    61 ||   190
 Fire: Hunting sling     |    45 |    24 ||    69
  Use: Scroll            |       |     2 ||     2
  Eat: Chunk             |     3 |     3 ||     6
Armor: Scale mail        |    61 |    18 ||    79
       Leather armour    |     1 |       ||     1
       Chain mail        |       |     9 ||     9
Dodge: Dodged            |    96 |    31 ||   127

Table legend:
 A = Non-vault XP
 B = Vault XP
 C = Vault XP percentage of total XP
 D = Non-vault monster count
 E = Vault monster count
 F = Vault count percentage of total count
                 A         B        C        D         E       F
            +---------+---------+-------+---------+---------+-------
      Total |     173 |       0 |   0.0 |      65 |       0 |   0.0
            +---------+---------+-------+---------+---------+-------
        D:1 |      39 |       0 |   0.0 |      21 |       0 |   0.0
        D:2 |      36 |       0 |   0.0 |      18 |       0 |   0.0
        D:3 |      98 |       0 |   0.0 |      26 |       0 |   0.0
            +---------+---------+-------+---------+---------+-------
